RBL
CINCINNATI REDS @ SAN DIEGO PADRES
07/07/1997
 
TOP OF THE 1ST
Cincinnati Reds batting - Pitching for San Diego Padres : RHP Jim Mann
Pitching: RHP Jim Mann
Batting: SHB Luis Castillo 0-0: Hit by Pitch
Batting: RHB Darrell Nicholas 0-0: Called Strike
Luis Castillo is caught stealing 2nd base 2-4
0-1: Ball
1-1: SINGLE (Line Drive, 9S, EV 101.3 MPH)
Batting: RHB Jordan Riedl 0-0: Ball
1-0: Foul Ball, location: 3FF
1-1: Foul Ball, location: 2F
1-2: Ball
2-2: Ball
Wild Pitch!
Darrell Nicholas to second
3-2: Foul Ball, location: 9LSF
3-2: Foul Ball, location: 5F
3-2: Strikes out looking
Batting: RHB Jay Buhner 0-0: Ball
1-0: Called Strike
1-1: Foul Ball, location: 5SF
1-2: Ball
2-2: Strikes out looking
Top of the 1st over - 0 runs, 1 hit, 0 errors, 1 left on base; Cincinnati 0 - San Diego 0
BOTTOM OF THE 1ST
San Diego Padres batting - Pitching for Cincinnati Reds : RHP Doug Drabek
Pitching: RHP Doug Drabek
Batting: SHB Bip Roberts 0-0: Called Strike
0-1: Foul Ball, location: 25F
0-2: Strikes out swinging
Batting: RHB Brad Robinson 0-0: Foul Ball, location: 5F
0-1: Ball
1-1: Ball
2-1: Foul Ball, location: 9LDF
2-2: Ground out 4-3 (Groundball, 4, EV 103.1 MPH)
Batting: RHB John Jaha 0-0: Called Strike
0-1: Foul Ball, location: 2LF
0-2: Ground out 6-3 (Groundball, 6, EV 87.5 MPH)
Bottom of the 1st over - 0 runs, 0 hits, 0 errors, 0 left on base; Cincinnati 0 - San Diego 0
TOP OF THE 2ND
Cincinnati Reds batting - Pitching for San Diego Padres : RHP Jim Mann
Batting: LHB B J Surhoff 0-0: Ground out 4-3 (Groundball, 4, EV 81.9 MPH)
Batting: RHB Shane Mack 0-0: Called Strike
0-1: Foul Ball, location: 9LSF
0-2: Ball
1-2: Ball
2-2: Strikes out swinging
Batting: SHB Tony Fernandez 0-0: DOUBLE (Flyball, 89D, EV 88.1 MPH)
Batting: RHB Gabe Alvarez 0-0: Ball
1-0: Foul Ball, location: 2F
1-1: Ball
2-1: Foul Ball, location: 3DF
2-2: Foul Ball, location: 2F
2-2: Ball
3-2: Foul Ball, location: 2LF
3-2: Fly out, F9 (Line Drive, 9, EV 89.4 MPH)
Top of the 2nd over - 0 runs, 1 hit, 0 errors, 1 left on base; Cincinnati 0 - San Diego 0
BOTTOM OF THE 2ND
San Diego Padres batting - Pitching for Cincinnati Reds : RHP Doug Drabek
Batting: LHB Dave Vetsch 0-0: Called Strike
0-1: SOLO HOME RUN (Line Drive, 78XD, EV 112.5 MPH), Distance : 425 ft
Batting: RHB Mike Blowers 0-0: Ball
1-0: Ball
2-0: Called Strike
2-1: Ball
3-1: Base on Balls
Batting: RHB Benito Santiago 0-0: Sac Bunt to 2R - play at first, batter OUT! 2-3
Mike Blowers to second
Batting: LHB Pablo Vicuna 0-0: Ground out 4-3 (Groundball, 34, EV 107.5 MPH)
Mike Blowers to third
Batting: RHB Erick Sandoval 0-0: Ground out 6-3 (Groundball, 6, EV 86.3 MPH)
Bottom of the 2nd over - 1 run, 1 hit, 0 errors, 1 left on base; Cincinnati 0 - San Diego 1
TOP OF THE 3RD
Cincinnati Reds batting - Pitching for San Diego Padres : RHP Jim Mann
Batting: SHB Quinton McCracken 0-0: Ball
1-0: SINGLE (Line Drive, 34D, EV 103.1 MPH)
Batting: SHB Luis Castillo 0-0: Foul Ball, location: 2F
0-1: Bunted foul
0-2: Ball
1-2: Foul Ball, location: 7LMF
1-2: Ball
2-2: Foul Ball, location: 7LMF
2-2: Ball
3-2: Ground out 6-3 (Groundball, 6, EV 109.4 MPH)
Quinton McCracken to second
Batting: RHB Darrell Nicholas 0-0: Called Strike
0-1: Ball
1-1: Swinging Strike
1-2: Foul Ball, location: 2LF
1-2: Foul Ball, location: 7LSF
1-2: Strikes out swinging
Batting: RHB Jordan Riedl 0-0: Called Strike
0-1: Foul Ball, location: 23F
0-2: Ball
1-2: Ball
2-2: Ball
3-2: Ground out 6-3 (Groundball, 6, EV 84.4 MPH)
Top of the 3rd over - 0 runs, 1 hit, 0 errors, 1 left on base; Cincinnati 0 - San Diego 1
BOTTOM OF THE 3RD
San Diego Padres batting - Pitching for Cincinnati Reds : RHP Doug Drabek
Batting: SHB Luis Figueroa 0-0: Ball
1-0: Foul Ball, location: 23F
1-1: Swinging Strike
1-2: SINGLE (Line Drive, 7S, EV 90.6 MPH)
Batting: SHB Bip Roberts 0-0: Fly out, F9 (Line Drive, 89M, EV 94.4 MPH)
Batting: RHB Brad Robinson 0-0: Called Strike
0-1: Ball
1-1: Foul Ball, location: 7LMF
1-2: Ball
2-2: Foul Ball, location: 2F
2-2: Foul Ball, location: 3FF
2-2: Ball
3-2: Ground out 4-3 (Groundball, 4M, EV 78.8 MPH)
Luis Figueroa to second
Batting: RHB John Jaha 0-0: Called Strike
0-1: Ball
1-1: Fly out, F7 (Flyball, 7D, EV 81.3 MPH)
Bottom of the 3rd over - 0 runs, 1 hit, 0 errors, 1 left on base; Cincinnati 0 - San Diego 1
TOP OF THE 4TH
Cincinnati Reds batting - Pitching for San Diego Padres : RHP Jim Mann
Batting: RHB Jay Buhner 0-0: Ball
1-0: Ball
2-0: Foul Ball, location: 2F
2-1: Ball
3-1: Base on Balls
Batting: LHB B J Surhoff 0-0: Called Strike
0-1: Fly out, F8 (Flyball, 89D, EV 108.1 MPH)
Batting: RHB Shane Mack 0-0: Called Strike
0-1: Ball
1-1: Swinging Strike
1-2: Ball
2-2: Strikes out swinging
Batting: SHB Tony Fernandez 0-0: Ball
1-0: SINGLE (Groundball, 6MD, EV 96.9 MPH)
Jay Buhner to second
Runner from 2nd tries for 3rd, SAFE, throw by CF made to third
Batting: RHB Gabe Alvarez 0-0: Ball
1-0: Ball
2-0: Called Strike
2-1: Called Strike
2-2: Ball
3-2: Fly out, F8 (Flyball, 8LXD, EV 108.1 MPH)
Top of the 4th over - 0 runs, 1 hit, 0 errors, 2 left on base; Cincinnati 0 - San Diego 1
BOTTOM OF THE 4TH
San Diego Padres batting - Pitching for Cincinnati Reds : RHP Doug Drabek
Batting: LHB Dave Vetsch 0-0: Ball
1-0: Called Strike
1-1: Ball
2-1: Ball
3-1: Foul Ball, location: 23FF
3-2: Base on Balls
Batting: RHB Mike Blowers 0-0: Called Strike
0-1: Called Strike
0-2: Fielders Choice at 2nd, 5-4 (Groundball, 5L, EV 80.6 MPH)
Batting: RHB Benito Santiago 0-0: Called Strike
0-1: Ball
1-1: Called Strike
1-2: Ball
2-2: Strikes out swinging
Batting: LHB Pablo Vicuna 0-0: Called Strike
0-1: SINGLE (Groundball, 25, EV 63.1 MPH) (infield hit)
Mike Blowers to second
Batting: RHB Erick Sandoval 0-0: Called Strike
0-1: Ball
1-1: Ball
2-1: Ground out 5-3 (Groundball, 56S, EV 77.5 MPH)
Bottom of the 4th over - 0 runs, 1 hit, 0 errors, 2 left on base; Cincinnati 0 - San Diego 1
TOP OF THE 5TH
Cincinnati Reds batting - Pitching for San Diego Padres : RHP Jim Mann
Batting: SHB Quinton McCracken 0-0: Ball
1-0: Ball
2-0: Ground out 4-3 (Groundball, 4, EV 86.9 MPH)
Batting: SHB Luis Castillo 0-0: Called Strike
0-1: Ball
1-1: Foul Ball, location: 5FF
1-2: SINGLE (Line Drive, 7S, EV 105.0 MPH)
Batting: RHB Darrell Nicholas 0-0: Foul Ball, location: 2F
0-1: Foul Ball, location: 2F
0-2: Ball
1-2: Strikes out swinging
Batting: RHB Jordan Riedl 0-0: Swinging Strike
0-1: Ground out 4-3 (Groundball, 4, EV 86.9 MPH)
Top of the 5th over - 0 runs, 1 hit, 0 errors, 1 left on base; Cincinnati 0 - San Diego 1
BOTTOM OF THE 5TH
San Diego Padres batting - Pitching for Cincinnati Reds : RHP Doug Drabek
Batting: SHB Luis Figueroa 0-0: Fly out, F8 (Flyball, 8LD, EV 107.5 MPH)
Batting: SHB Bip Roberts 0-0: Fly out, F6 (Popup, 6M, EV 72.5 MPH)
Batting: RHB Brad Robinson 0-0: SINGLE (Line Drive, 56D, EV 106.3 MPH)
Batting: RHB John Jaha 0-0: Fly out, F9 (Flyball, 9, EV 79.4 MPH)
Bottom of the 5th over - 0 runs, 1 hit, 0 errors, 1 left on base; Cincinnati 0 - San Diego 1
TOP OF THE 6TH
Cincinnati Reds batting - Pitching for San Diego Padres : RHP Jim Mann
Batting: RHB Jay Buhner 0-0: Ball
1-0: Ball
2-0: SINGLE (Line Drive, 4D, EV 97.5 MPH)
Batting: LHB B J Surhoff 0-0: Foul Ball, location: 3F
0-1: Grounds out, U3 (Groundball, 3L, EV 103.1 MPH)
Batting: RHB Shane Mack 0-0: Ball
1-0: Foul Ball, location: 5FF
1-1: Ball
2-1: Ball
3-1: Swinging Strike
3-2: Strikes out swinging
Pitching: RHP Tom Kane
Batting: SHB Tony Fernandez 0-0: SINGLE (Groundball, 4MD, EV 99.4 MPH)
Jay Buhner to third
Runner from 3rd tries for Home, SAFE, throw by CF to home
Tony Fernandez to second
Batting: RHB Gabe Alvarez 0-0: Foul Ball, location: 2F
0-1: Called Strike
0-2: Ball
1-2: Foul Ball, location: 2F
1-2: Fly out, F9 (Flyball, 9, EV 86.9 MPH)
Top of the 6th over - 1 run, 2 hits, 0 errors, 1 left on base; Cincinnati 1 - San Diego 1
BOTTOM OF THE 6TH
San Diego Padres batting - Pitching for Cincinnati Reds : RHP Doug Drabek
Batting: LHB Dave Vetsch 0-0: Foul Ball, location: 2F
0-1: Ball
1-1: Ground out 4-3 (Groundball, 4, EV 106.9 MPH)
Batting: RHB Mike Blowers 0-0: Foul Ball, location: 25F
0-1: Ground out 6-3 (Groundball, 6D, EV 104.4 MPH)
Batting: RHB Benito Santiago 0-0: SINGLE (Groundball, 34D, EV 103.1 MPH)
Batting: LHB Pablo Vicuna 0-0: Ball
1-0: Swinging Strike
1-1: Ball
2-1: Swinging Strike
2-2: Strikes out swinging
Bottom of the 6th over - 0 runs, 1 hit, 0 errors, 1 left on base; Cincinnati 1 - San Diego 1
TOP OF THE 7TH
Cincinnati Reds batting - Pitching for San Diego Padres : RHP Tom Kane
Batting: SHB Quinton McCracken 0-0: Ground out 6-3 (Groundball, 6, EV 99.4 MPH)
Batting: SHB Luis Castillo 0-0: Ball
1-0: Foul Ball, location: 2F
1-1: Ball
2-1: Foul Ball, location: 7LDF
2-2: Ball
3-2: Foul Ball, location: 2F
3-2: Strikes out looking
Batting: RHB Darrell Nicholas 0-0: Ball
1-0: Ball
2-0: Foul Ball, location: 5DF
2-1: Foul Ball, location: 2F
2-2: Fly out, F8 (Line Drive, 89M, EV 93.1 MPH)
Top of the 7th over - 0 runs, 0 hits, 0 errors, 0 left on base; Cincinnati 1 - San Diego 1
BOTTOM OF THE 7TH
San Diego Padres batting - Pitching for Cincinnati Reds : RHP Doug Drabek
Batting: RHB Erick Sandoval 0-0: Called Strike
0-1: Swinging Strike
0-2: Foul Ball, location: 5SF
0-2: Foul Ball, location: 2F
0-2: Ball
1-2: Ball
2-2: Fly out, F4 (Popup, 3D, EV 47.5 MPH)
Batting: SHB Luis Figueroa 0-0: Called Strike
0-1: Ball
1-1: Called Strike
1-2: Strikes out swinging, 2-3 out at first.
Batting: SHB Bip Roberts 0-0: Ball
1-0: DOUBLE (Line Drive, 9LS, EV 85.6 MPH)
Batting: RHB Brad Robinson 0-0: Called Strike
0-1: Ball
1-1: Called Strike
1-2: Foul Ball, location: 9LMF
1-2: Ball
2-2: Strikes out swinging
Bottom of the 7th over - 0 runs, 1 hit, 0 errors, 1 left on base; Cincinnati 1 - San Diego 1
TOP OF THE 8TH
Cincinnati Reds batting - Pitching for San Diego Padres : RHP Tom Kane
Batting: RHB Jordan Riedl 0-0: SINGLE (Line Drive, 9S, EV 108.8 MPH)
Pinch Hitting: LHB Rico Brogna 0-0: Called Strike
0-1: Foul Ball, location: 3F
0-2: Strikes out swinging
Pitching: LHP Kenneth Wilp
Batting: LHB B J Surhoff 0-0: Foul Ball, location: 7LDF
0-1: Foul Ball, location: 2F
0-2: Grounds into double play, 4-6-3 (Groundball, 4, EV 86.3 MPH)
Top of the 8th over - 0 runs, 1 hit, 0 errors, 0 left on base; Cincinnati 1 - San Diego 1
BOTTOM OF THE 8TH
San Diego Padres batting - Pitching for Cincinnati Reds : RHP Doug Drabek
Now in RF: Juan Parra
Batting: RHB John Jaha 0-0: Called Strike
0-1: Foul Ball, location: 5F
0-2: Ball
1-2: Foul Ball, location: 5SF
1-2: SOLO HOME RUN (Flyball, 7LD, EV 97.5 MPH), Distance : 344 ft
Batting: LHB Dave Vetsch 0-0: Ball
1-0: Ball
2-0: Reached on error, E6 (Groundball, 6, EV 103.1 MPH)
Batting: RHB Mike Blowers 0-0: Foul Ball, location: 9LDF
0-1: Foul Ball, location: 2F
0-2: Foul Ball, location: 2F
0-2: Ball
1-2: Strikes out swinging
Batting: RHB Benito Santiago 0-0: Ball
1-0: Called Strike
1-1: Foul Ball, location: 9LDF
1-2: Foul Ball, location: 2F
1-2: Foul Ball, location: 2F
1-2: Foul Ball, location: 2F
1-2: Strikes out swinging
Pitching: LHP Chris Hill
Batting: LHB Pablo Vicuna 0-0: Swinging Strike
0-1: Fly out, F8 (Flyball, 8LD, EV 105.6 MPH)
Bottom of the 8th over - 1 run, 1 hit, 1 error, 1 left on base; Cincinnati 1 - San Diego 2
TOP OF THE 9TH
Cincinnati Reds batting - Pitching for San Diego Padres : LHP Kenneth Wilp
Pitching: RHP Bob Carlson
Batting: RHB Shane Mack 0-0: Swinging Strike
0-1: Foul Ball, location: 9LDF
0-2: Ball
1-2: Ball
2-2: Ball
3-2: Strikes out looking
Batting: SHB Tony Fernandez 0-0: Ball
1-0: Foul Ball, location: 7LMF
1-1: Called Strike
1-2: SINGLE (Groundball, 34D, EV 101.9 MPH)
Batting: RHB Gabe Alvarez 0-0: Called Strike
0-1: Swinging Strike
0-2: Fly out, F8 (Flyball, 8LM, EV 78.8 MPH)
Batting: SHB Quinton McCracken 0-0: Foul Ball, location: 5F
0-1: Ball
1-1: Ball
2-1: Fly out, F9 (Line Drive, 9LM, EV 93.8 MPH)
Top of the 9th over - 0 runs, 1 hit, 0 errors, 1 left on base; Cincinnati 1 - San Diego 2
Sunday, March 31st , 2024 - OOTP Baseball 24.7 Build 72